 Dungeon Crawl Stone Soup version 0.25.0-41-g26779e291d (webtiles) character file.

Game seed: 14490837981659575664

133 H0rd4k the Magician (level 4, -6/24 HPs)
             Began as a Deep Elf Wizard on July 10, 2020.
             Killed from afar by an orc wizard (12 damage)
             ... with a puff of flame
             ... on level 4 of the Dungeon.
             The game lasted 00:05:14 (3263 turns).

H0rd4k the Magician (Deep Elf Wizard)               Turns: 3263, Time: 00:05:14

Health: -6/24      AC:  2    Str:  4    XL:     4   Next: 93%
Magic:  1/14       EV: 13    Int: 24    God:
Gold:   153        SH:  0    Dex: 13    Spells: 6/15 levels left

rFire    . . .     SeeInvis .   o - +1 dagger (protect)
rCold    . . .     Gourm    .   (no shield)
rNeg     . . .     Faith    .   a - +0 robe
rPois    .         Spirit   .   b - +0 hat
rElec    .         Reflect  .   (no cloak)
rCorr    .         Harm     .   (no gloves)
MR       .....                  (no boots)
Stlth    ++........             (no amulet)
HPRegen  0.08/turn              (no ring)
MPRegen  0.14/turn              (no ring)

@: very slightly contaminated
A: no striking features
a: no special abilities


You were on level 4 of the Dungeon.
You were not hungry.

You visited 1 branch of the dungeon, and saw 4 of its levels.

You collected 153 gold pieces.

Inventory:

Hand Weapons
 o - a +1 dagger of protection (weapon)
Missiles
 h - 15 poisoned darts (quivered)
Armour
 a - a +0 robe (worn)
 b - a +0 hat (worn)
Scrolls
 c - 3 scrolls of amnesia {unknown}
 g - 6 scrolls of identify {unknown}
 i - a scroll of magic mapping {unknown}
 j - a scroll of enchant weapon {unknown}
 k - 4 scrolls of remove curse {unknown}
 l - 3 scrolls of random uselessness {unknown}
 m - a scroll of teleportation {unknown}
Potions
 f - a potion of might {unknown}
Comestibles
 d - 6 rations
 n - 6 chunks of flesh


   Skills:
 + Level 2.8 Dodging
 + Level 3.0 Stealth
 + Level 0.1 Unarmed Combat
 + Level 6.3 Spellcasting
 + Level 3.0 Conjurations
   Level 1.1 Summonings
 + Level 1.1 Translocations


You had 6 spell levels left.
You knew the following spells:

 Your Spells              Type           Power        Failure   Level  Hunger
a - Magic Dart            Conj           ###.         2%          1    None
b - Blink                 Tloc           N/A          8%          2    None
c - Conjure Flame         Conj/Fire      ##......     12%         3    None
d - Mephitic Cloud        Conj/Pois/Air  ##......     16%         3    None

Your spell library contained the following spells:

 Spells                   Type           Power        Failure   Level  Hunger
 Call Imp                 Summ           ##......     8%          2    None
 Slow                     Hex            #.......     12%         2    None


Dungeon Overview and Level Annotations

Branches:
Dungeon (4/15)
 Temple: D:4-7

Altars:
Trog


Message History

Aiming: Magic Dart (safe; 2% risk of failure)
Press: ? - help, Shift-Dir - straight line You miscast Magic Dart.
You are very lightly contaminated with residual magic.
Nothing appears to happen.
Something hits you but does no damage.
There is a stone staircase leading down here.
You climb downwards.
Reactivating autopickup.
Found 8 gold pieces.
Found an escape hatch in the floor.
Found a stone staircase leading down.
There is a stone staircase leading up here.
Something hits you.
Deactivating autopickup; reactivate with Ctrl-A.
Something hits you.
* * * LOW HITPOINT WARNING * * *
You hear some strange, mumbled words.
A puff of flame appears from out of thin air!
The puff of flame hits you!
Ouch! That really hurt!
You die...

8## ... ..8## ...
...####.## ##
..>#...$ .#
##...# .# #...##
.# #....# .#
#.<..###.######
##...{.@.......
...........#.###.
................
.........###.#.##
#...#....# .#.#
###.....>. .# #
##....... ##
#.....


There were no monsters in sight!

Vanquished Creatures
  An orc priest (D:3)
  An adder (D:2)
  5 worms
  2 leopard geckos
  9 orcs (D:3)
  4 bats
  3 giant cockroaches
  6 goblins
  9 hobgoblins
  6 jackals (D:1)
  7 kobolds
  A quokka (D:3)
  A ball python (D:3)
  A frilled lizard (D:1)
  9 rats
65 creatures vanquished.

Notes
Turn   | Place    | Note
-------+----------+-------------------------------------------
     0 | D:1      | H0rd4k the Deep Elf Wizard began the quest for the Orb.
     0 | D:1      | Reached XP level 1. HP: 10/10 MP: 7/7
   575 | D:1      | Reached XP level 2. HP: 15/15 MP: 6/9
   613 | D:1      | Reached skill level 5 in Spellcasting
  1120 | D:1      | Reached XP level 3. HP: 19/19 MP: 7/11
  1528 | D:1      | Learned a level 2 spell: Blink
  1532 | D:1      | Learned a level 3 spell: Conjure Flame
  1536 | D:1      | Learned a level 3 spell: Mephitic Cloud
  2009 | D:2      | Noticed a moth of wrath
  2254 | D:2      | Found a bloodstained altar of Trog.
  2442 | D:2      | Reached XP level 4. HP: 24/24 MP: 2/13
  2939 | D:3      | Reached skill level 6 in Spellcasting
  3263 | D:4      | Killed from afar by an orc wizard

Illustrated notes

Levels and vault maps discovered:
D:1:      dpeg_arrival_round_a, layout_loops_ring
D:2:      layout_basic, tgw_trog, minmay_circle_x
D:3:      layout_basic, portal_sewer_entry_e, first_ration,
          nicolae_gozag_seed_capital
D:4:      layout_loops_ring, nicolae_overflow_hidden_temple, serial_shops, shop,
          corexii_hall_statues_l

Skill      XL: |  1  2  3  4 |
---------------+-------------+-----
Spellcasting   | 5 6 |  6.3
Conjurations   | 2 3 |  3.0
Stealth        | 3 |  3.0
Dodging        | |  2.8
Unarmed Combat | |  0.1
Summonings     | |  1.1
Translocations | |  1.1

Action                   |  1- 3 |  4- 6 || total
-------------------------+-------+-------++-------
Melee: Unarmed           |     5 |       ||     5
 Cast: Magic Dart        |   134 |    58 ||   192
  Use: Potion            |       |     3 ||     3
  Eat: Chunk             |     4 |     3 ||     7
Armor: Robe              |    15 |     2 ||    17
Dodge: Dodged            |    48 |     9 ||    57
